 Dungeon Crawl Stone Soup version 0.31.0-11-ge490571c62 (webtiles) character file.

Game seed: 7545309233483691774

11 qw the Shooter (level 2, -4/14 HPs)
             Began as a Spriggan Hunter on Feb 4, 2024.
             Slain by a gnoll
             ... wielding a +0 whip
              (6 damage)
             ... on level 1 of the Dungeon.
             The game lasted 00:00:01 (827 turns).

qw the Shooter (Spriggan Hunter)                     Turns: 827, Time: 00:00:02

Health: -4/14      AC:  2    Str:  7    XL:     2   Next: 13%
Magic:  3/3        EV: 19    Int: 10    God:
Gold:   14         SH:  0    Dex: 18    Spells: 1/1 levels left

rFire   . . .        a - +0 shortbow
rCold   . . .        (shield currently unavailable)
rNeg    . . .        c - +0 robe
rPois   .            (helmet restricted)
rElec   .            (no cloak)
rCorr   .            (gloves unavailable)
SInv    +            (boots unavailable)
Will    .....        (no amulet)
Stlth   ++           (no ring)
HPRegen 0.22/turn    (no ring)
MPRegen 0.08/turn

%: no passive effects
@: very quick
A: very small, no large weapons, unfitting armour, see invisible, speed 3
a: no special abilities


You were on level 1 of the Dungeon.
You visited 1 branch of the dungeon, and saw 2 of its levels.

You collected 14 gold pieces.


Innate Abilities, Weirdness & Mutations

You are very small and have problems with some larger weapons.
You are too small for most types of armour.
You have supernaturally acute eyesight. (SInv)
You cover ground extremely quickly. (Speed+++)


   Skills:
 - Level 1.5 Fighting
 - Level 4.0 Ranged Weapons
 + Level 3.9 Dodging
 - Level 1.5 Stealth


You had one spell level left.
You didn't know any spells.
Your spell library was empty.

Inventory:

Hand Weapons
 a - a +0 shortbow (weapon)
Armour
 c - a +0 robe (worn)
Potions
 f - a potion of curing

Dungeon Overview and Level Annotations

Branches:
Dungeon (2/15)

Altars:

Shops:
D:1 [


Message History

A frilled lizard comes into view.
A gnoll comes into view. It is wielding a +0 flail.
You shoot an arrow. The gnoll shouts!
The frilled lizard hisses angrily.
The arrow hits the gnoll.
The gnoll is lightly wounded.
You hear a shout!
You shoot an arrow.
The arrow hits the gnoll but does no damage.
The gnoll is lightly wounded.
A gnoll comes into view. It is wielding a +0 halberd.
The gnoll moves out of view.
You shoot an arrow. The arrow hits the gnoll.
The gnoll is heavily wounded.
816 ||| RETREEEEATING.
You shoot an arrow. The arrow barely misses the gnoll.
The gnoll misses you.
818 ||| RETREEEEATING.
You shoot an arrow. The arrow closely misses the gnoll. x2
820 ||| RETREEEEATING.
The gnoll hits you with a +0 whip.
821 ||| RETREEEEATING.
The gnoll attacks as it pursues you! The gnoll barely misses you.
There is a stone staircase leading up here.
822 ||| STAIRDANCE You climb upwards.
There is a stone staircase leading down here.
You shoot an arrow. The arrow closely misses the gnoll.
The gnoll closely misses you. The gnoll hits you with a +0 whip!
Ouch! That really hurt!
You shoot an arrow. The arrow closely misses the gnoll.
The gnoll completely misses you.
You shoot an arrow. The arrow hits the gnoll.
The gnoll is severely wounded.
The gnoll completely misses you.
You shoot an arrow.
The arrow hits the gnoll but does no damage.
The gnoll is severely wounded.
The gnoll hits you with a +0 whip.
You die...

......................##.#
.......#8##8##8#.#######.#
.......#########.# #.#
.......#.........# #.#
.......#.........# #.#
######.##.....#.## #.#
######¤######...## #.#
.~.~.~¤¤.#.......#######.#
¤...~...¤¤......@g.......#
.~.~.~.~.¤.......#########
..¤...~)..#.######
.~¤¤¤~.~¤~#.#
~.¤¤~.¤¤~.#.#
¤¤.¤¤~.~.~#.#
.¤¤¤¤.~¤..#.#
¤~¤¤.~.¤.~#.#
~.¤¤~¤¤.~.#.#


You could see a gnoll.

Vanquished Creatures
  A dart slug (D:1)
  2 bats
  A giant cockroach (D:1)
  3 goblins
7 creatures vanquished.

Notes
Turn   | Place    | Note
-------+----------+-------------------------------------------
     0 | D:1      | qw the Spriggan Hunter began the quest for the Orb.
     0 | D:1      | Reached XP level 1. HP: 10/10 MP: 2/2
     0 | D:1      | 0 ||| qw: Version: 0.3-a-160-g6735b56
     0 | D:1      | 0 ||| qw: Game counter: 4562
     0 | D:1      | 0 ||| qw: Melee chars always use a shield: true
     0 | D:1      | 0 ||| qw: God list: Okawaru
     0 | D:1      | 0 ||| qw: Allow faded altars: false
     0 | D:1      | 0 ||| qw: Do Orc after clearing Dungeon:15 true
     0 | D:1      | 0 ||| qw: Do second Lair branch before Depths: true
     0 | D:1      | 0 ||| qw: Lair rune preference: random
     0 | D:1      | 0 ||| qw: Goals: Normal
     0 | D:1      | 0 ||| PLANNING D:1-11
    21 | D:1      | Reached skill level 3 in Dodging
   191 | D:1      | Found Gaivouf's Antique Armour Shop.
   312 | D:1      | Reached XP level 2. HP: 14/14 MP: 3/3
   561 | D:1      | 561 ||| READING scroll labelled TECVUE ASEYTAT.
   561 | D:1      | 561 ||| IDENTIFYING brown potion
   562 | D:1      | 562 ||| READING 3 scrolls labelled ZUSEOQ IHYTZEM.
   563 | D:1      | 563 ||| READING scroll labelled WOTURI RAPED.
   564 | D:1      | 564 ||| READING scroll labelled KOCZAJ KIACKIE.
   665 | D:1      | 665 ||| DRINKING 2 fizzy brown potions.
   769 | D:1      | 769 ||| DROPPING scroll of butterflies.
   770 | D:1      | 770 ||| DROPPING 2 scrolls of revelation.
   771 | D:1      | 771 ||| DROPPING potion of berserk rage.
   816 | D:2      | 816 ||| RETREEEEATING.
   818 | D:2      | 818 ||| RETREEEEATING.
   820 | D:2      | 820 ||| RETREEEEATING.
   821 | D:2      | 821 ||| RETREEEEATING.
   822 | D:2      | 822 ||| STAIRDANCE
   824 | D:1      | HP: 1/14 [gnoll/+0 whip (9)]
   827 | D:1      | Slain by a gnoll

Levels and vault maps discovered:
D:1:      dpeg_arrival_rooms_c, layout_basic, serial_shops,
          nicolae_shop_real_fake_doors, kennysheep_crisscross,
          amcnicky_mini_corridor_feature, grunt_decor_one_mirror
D:2:      layout_rooms, uniq_terence

Skill      XL: |  1 |
---------------+----+-----
Dodging        | 3 |  3.9
Fighting       | |  1.5
Ranged Weapons | |  4.0
Stealth        | |  1.5

Action                     || total
---------------------------++-------
   Fire: Shortbow          ||    25
    Use: Scroll            ||     4
         Potion            ||     1
 Armour: Robe              ||     7
  Dodge: Dodged            ||     8

Table legend:
 A = Non-vault XP
 B = Vault XP
 C = Vault XP percentage of total XP
 D = Non-vault monster count
 E = Vault monster count
 F = Vault count percentage of total count
                 A         B        C        D         E       F
            +---------+---------+-------+---------+---------+-------
      Total |      16 |       0 |   0.0 |       7 |       0 |   0.0
            +---------+---------+-------+---------+---------+-------
        D:1 |      12 |       0 |   0.0 |       5 |       0 |   0.0
        D:2 |       4 |       0 |   0.0 |       2 |       0 |   0.0
            +---------+---------+-------+---------+---------+-------
